 Dungeon Crawl Stone Soup version 0.29.0-13-gc9e81de378 (webtiles) character file.

Game seed: 4822354688673724394

2053 keekatzer the Caller (level 9, 0/74 HPs)
             Began as a Ghoul Summoner on Sept 9, 2022.
             Was an Initiate of Gozag.
             Slain by a gnoll
             ... wielding a +2 flail of holy wrath
             ... led by a gnoll sergeant
              (16 damage)
             ... on level 8 of the Dungeon on Sept 10, 2022.
             The game lasted 00:47:52 (6913 turns).

keekatzer the Caller (Ghoul Summoner)               Turns: 6913, Time: 00:47:52

Health: 0/74       AC:  4    Str: 12    XL:     9   Next: 25%
Magic:  7/14       EV: 13    Int: 18    God:    Gozag
Gold:   151        SH:  0    Dex: 11    Spells: 4/16 levels left

rFire   + . .      SeeInvis .   B - +3 woodcutter's axe {vorpal}
rCold   + . .      Faith    .   (shield currently unavailable)
rNeg    + + +      Spirit   .   N - +1 robe {Archmagi}
rPois   ∞          Reflect  .   (no helmet)
rElec   .          Harm     .   (no cloak)
rCorr   .          Rampage  .   (no gloves)
Will    .....      Archmagi +   C - +0 pair of boots
Stlth   +.........              (no amulet)
HPRegen 0.00/turn               j - ring of protection from fire
MPRegen 0.14/turn               a - +6 ring of intelligence

@: confused, marked, gold aura, inhibited regen
A: claws 1, cold resistance 1, negative energy resistance 3, inhibited
regeneration, torment resistance 2, devour on kill
a: Renounce Religion, Potion Petition, Call Merchant, Bribe Branch


You were on level 8 of the Dungeon.
You worshipped Gozag.
Gozag was aware of your devotion.
You visited 1 branch of the dungeon, and saw 8 of its levels.

You collected 807 gold pieces.
You spent 605 gold pieces at shops.
You paid 51 gold pieces to Gozag.

Inventory:

Hand Weapons
 e - a +0 short sword of electrocution
 B - the +3 woodcutter's axe (weapon) {vorpal}
   (You found it on level 4 of the Dungeon)

   It inflicts extra damage upon your enemies.
 D - a +2 short sword of draining
 F - a +0 dagger of draining
Missiles
 R - a throwing net
Armour
 h - a +2 scale mail of fire resistance
 m - +0 swamp dragon scales
 o - a +0 buckler
 r - a scarf of harm
 C - a +0 pair of boots (worn)
 N - a +1 robe of the Archmagi (worn)
Magical Staves
 K - a staff of death
Jewellery
 a - a +6 ring of intelligence (right claw)
 j - a ring of protection from fire (left claw)
Wands
 G - a wand of charming (8)
 H - a wand of light (7)
 I - a wand of polymorph (8)
 L - a wand of flame (21)
 M - a wand of roots (12)
Scrolls
 d - 4 scrolls of magic mapping
 g - 4 scrolls of fog
 i - a scroll of vulnerability
 l - a scroll of torment {unknown}
 t - 2 scrolls of immolation {unknown}
 v - a scroll of fear {unknown}
 w - a scroll of amnesia {unknown}
 y - 2 scrolls of blinking {unknown}
 A - 3 scrolls of teleportation
 J - a scroll of enchant weapon {unknown}
 P - 2 scrolls of identify
 Q - 2 scrolls of poison
Potions
 b - a potion of magic
 c - a potion of lignification {unknown}
 f - 2 potions of ambrosia {unknown}
 k - 3 potions of curing
 n - 2 potions of heal wounds {unknown}
 p - 2 potions of cancellation {unknown}
 q - 3 potions of attraction {unknown}
 s - 3 potions of might {unknown}
 u - 2 potions of degeneration {unknown}
 x - 2 potions of mutation {unknown}
 E - 4 potions of brilliance {unknown}
 O - a potion of haste
Miscellaneous
 z - a piece from Xom's chessboard (15/15)


   Skills:
 - Level 5.3 Fighting
 + Level 2.7 Armour
 - Level 3.8 Dodging
 - Level 2.1 Stealth
 - Level 2.3 Shields
 - Level 4.0 Spellcasting
 + Level 0.7 Conjurations
 - Level 2.0 Hexes
 - Level 7.1 Summonings
 + Level 2.7 Earth Magic


You had 4 spell levels left.
You knew the following spells:

 Your Spells              Type           Power      Damage    Failure   Level
a - Summon Small Mammal   Summ           100%       N/A       1%          1
b - Call Imp              Summ           44%        N/A       1%          2
c - Call Canine Familiar  Summ           44%        N/A       2%          3
d - Summon Guardian Gole  Hex/Summ       30%        N/A       7%          3
e - Stone Arrow           Conj/Erth      28%        3d8       22%         3

Your spell library contained the following spells:

 Spells                   Type           Power      Damage    Failure   Level
 Animate Armour           Summ/Erth      64%        N/A       19%         4
 Summon Lightning Spire   Summ/Air       24%        N/A       34%         4
 Lehudib's Crystal Spear  Conj/Erth      7%         10d3      100%        8


Dungeon Overview and Level Annotations

Branches:
Dungeon (8/15)             Temple (0/1) D:7
   Lair: D:8-11

Altars:
Cheibriados
Gozag
Hepliaklqana
Makhleb
Nemelex Xobeh
Xom

Shops:
D:4 [   D:7 *


Innate Abilities, Weirdness & Mutations

You are immune to poison.
You have sharp fingernails.
Your flesh is cold resistant. (rC+)
You are immune to negative energy. (rN+++)
You do not regenerate when monsters are visible.
You are immune to unholy pain and torment.
You thrive by killing the living.


Message History

Beogh smites you!
The gnoll is distracted by your dazzling golden aura.
Something barely misses you.
The gnoll hits your crimson imp with a +2 flail of holy wrath.
Your crimson imp convulses.
The orc misses your crimson imp.
The gnoll shouts!
In your confused state, you trip and fall back down the stairs.
The gnoll shouts!
The orc wizard is no longer distracted by gold.
The gnoll is no longer distracted by gold. x2
Your wolf barely misses something.
Your wolf barely misses the gnoll.
A gnoll comes into view. It is wielding a +0 club.
Your crimson imp blinks!
The gnoll hits you with a +0 club.
The gnoll is distracted by your dazzling golden aura.
Something hits you.
Unknown command.
Your wolf bites something. x2
The gnoll is distracted by your dazzling golden aura.
The gnoll hits you with a +0 club. The gnoll misses you.
The orc hits your wolf with a +4 war axe.
The orc hits you with a +4 war axe.
The orc wizard closely misses your wolf.
Something hits your wolf but does no damage.
The orc hits your wolf with a +0 dagger.
In your confused state, you trip and fall back down the stairs.
The gnoll is no longer distracted by gold.
Your wolf bites the orc!
The orc dies!
Your crimson imp blinks!
The gnoll closely misses you.
The gnoll is distracted by your dazzling golden aura.
Something hits you.
The orc hits your wolf with a +4 war axe.
The orc hits you with a +4 war axe.
The gnoll hits you with a +2 flail of holy wrath!
* * * LOW HITPOINT WARNING * * *
You convulse!
You die...
Your body crumbles into a pile of gold.

## ## .# gg
/# .# .## .#
####.#g##
#.og@{..#
#.gohg..#
g..g.oo$##.#
####.##.# #
#. #$. # .§.
##. ..


You could see a gnoll sergeant, a gnoll bouda, an orc priest, an orc wizard, 6
gnolls, 2 orcs and a friendly wolf (summoned).

Vanquished Creatures
  Maggie (D:7)
  A wyvern (D:7)
  Duvessa (D:7)
  A black bear (D:6)
  An ogre (D:7)
  A centaur (D:7)
  A phantom (D:5)
  A gnoll sergeant (D:7)
  2 bullfrogs
  A necrophage (D:4)
  3 scorpions (D:5)
  Dowan (D:7)
  A hound (D:5)
  A jelly (D:5)
  Ijyb (D:5)
  3 iguanas
  An orc wizard (D:5)
  3 gnolls
  An adder (D:3)
  A shadow imp (D:7)
  An ufetubus (D:5)
  2 dart slugs
  8 orcs
  4 endoplasms
  3 giant cockroaches
  2 goblins
  6 hobgoblins
  A quokka (D:3)
  3 ball pythons
  4 bats
  4 frilled lizards
  3 kobolds
68 creatures vanquished.

Vanquished Creatures (collateral kills)
  An ogre (D:5)
  2 scorpions (D:6)
  4 orc priests
  An orc wizard (D:5)
  An adder (D:5)
  6 gnolls
  A worm (D:3)
  9 orcs
  A bat (D:3)
  An endoplasm (D:3)
  A hobgoblin (D:1)
  2 kobolds
30 creatures vanquished.

Grand Total: 98 creatures vanquished

Notes
Turn   | Place    | Note
-------+----------+-------------------------------------------
     0 | D:1      | keekatzer the Ghoul Summoner began the quest for the Orb.
     0 | D:1      | Reached XP level 1. HP: 14/14 MP: 2/2
   225 | D:1      | Reached skill level 1 in Fighting
   664 | D:1      | Reached XP level 2. HP: 24/24 MP: 3/3
   667 | D:1      | Learned a level 2 spell: Call Imp
  1038 | D:2      | Found a sparkling altar of Nemelex Xobeh.
  1386 | D:2      | Reached XP level 3. HP: 25/29 MP: 4/4
  1491 | D:3      | Reached skill level 4 in Summonings
  1866 | D:3      | Found an opulent altar of Gozag.
  1906 | D:3      | Became a worshipper of Gozag Ym Sagoz the Greedy
  2113 | D:3      | Found a shimmering altar of Xom.
  2427 | D:3      | Reached XP level 4. HP: 6/37 MP: 0/5
  2433 | D:3      | Learned a level 3 spell: Call Canine Familiar
  2704 | D:3      | Found a faded altar of an unknown god.
  2914 | D:4      | Noticed a necrophage
  2920 | D:4      | Killed a necrophage
  2921 | D:4      | Reached skill level 5 in Summonings
  2921 | D:4      | Reached XP level 5. HP: 24/45 MP: 1/6
  3068 | D:4      | Found the +3 woodcutter's axe {vorpal}
  3093 | D:4      | Found a snail-covered altar of Cheibriados.
  3436 | D:4      | Found Gixzas's Armour Shop.
  3485 | D:4      | Found a burning altar of Makhleb.
  3625 | D:5      | Entered Level 5 of the Dungeon
  3625 | D:5      | Noticed a phantom
  3635 | D:5      | Killed a phantom
  3636 | D:5      | Reached XP level 6. HP: 48/51 MP: 3/8
  3767 | D:5      | Noticed Ijyb
  3784 | D:5      | Killed Ijyb
  4094 | D:5      | Reached skill level 1 in Shields
  4245 | D:5      | Reached XP level 7. HP: 53/59 MP: 6/9
  4456 | D:5      | Reached skill level 6 in Summonings
  4752 | D:5      | Learned a level 3 spell: Summon Guardian Golem
  4937 | D:6      | Reached XP level 8. HP: 49/67 MP: 8/11
  5965 | D:7      | Noticed Duvessa
  5965 | D:7      | Noticed Dowan
  5983 | D:7      | Killed Duvessa
  5984 | D:7      | Reached skill level 1 in Armour
  6000 | D:7      | Found Moadd's General Store.
  6004 | D:7      | Killed Dowan
  6005 | D:7      | Reached skill level 5 in Fighting
  6005 | D:7      | Reached skill level 1 in Hexes
  6026 | D:7      | Bought a book of Armaments for 396 gold pieces
  6029 | D:7      | Noticed Maggie
  6047 | D:7      | HP: 2/68 [Maggie/+0 broad axe (13)]
  6049 | D:7      | Killed Maggie
  6050 | D:7      | Reached skill level 7 in Summonings
  6310 | D:7      | Bought a potion of haste for 110 gold pieces
  6310 | D:7      | Bought a scroll of identify for 22 gold pieces
  6310 | D:7      | Bought a scroll of poison for 44 gold pieces
  6310 | D:7      | Bought a scroll of teleportation for 33 gold pieces
  6428 | D:7      | Found a hazy altar of Hepliaklqana.
  6479 | D:7      | Found a staircase to the Ecumenical Temple.
  6591 | D:7      | Noticed a wyvern
  6609 | D:7      | Killed a wyvern
  6610 | D:7      | Reached skill level 1 in Earth Magic
  6610 | D:7      | Reached XP level 9. HP: 57/74 MP: 1/13
  6891 | D:7      | Learned a level 3 spell: Stone Arrow
  6913 | D:8      | Slain by a gnoll

Illustrated notes

Levels and vault maps discovered:
D:1:      giann_bridges, layout_basic, chequers_serial_rivers_small_3
D:2:      layout_loops_ring, basic_altar, st_stairs_8
D:3:      layout_loops_ring, xom_butterflies,
          mainiacjoe_overflow_concentric_impassable, basic_ecumenical_altar
D:4:      layout_gridville, amcnicky_altar_gilded, kennysheep_mini_moat,
          serial_shops, nicolae_shop_hallway_stairs
D:5:      layout_basic, mainiacjoe_overflow_six_doors_small,
          serial_co_window_serial, co_window_paths_a, co_window_paths_a,
          co_window_paths_a, co_window_paths_a, co_window_of_opportunity_a,
          co_window_paths_a, co_window_corner_a, co_window_corner_b,
          co_window_corner_cb, co_window_paths_c, co_window_2corner,
          co_window_broadway_b, co_window_corner_b, co_window_unsneaky_path_e,
          co_window_4corner_a, glass_columns_a, glass_columns_a,
          glass_columns_b, glass_columns_a, glass_columns_c, item_on_display_a,
          uniq_ijyb
D:6:      layout_basic
D:7:      layout_basic, worldfamousw_hep_ancestral_shrine,
          minmay_temple_entry_gardened_gates, serial_shops, shop, uniq_duvessa,
          uniq_maggie
D:8:      layout_loops_cross, jmf_multi_god_temple2, minitemple,
          minmay_misc_feat_alley, nrook_pool_corridor

Skill      XL: |  1  2  3  4  5  6  7  8  9 |
---------------+----------------------------+-----
Fighting       | 1 2 3 4 5 |  5.3
Summonings     | 4 5 6 7 |  7.1
Dodging        | 2 3 |  3.8
Spellcasting   | 2 3 4 |  4.0
Shields        | 1 2 |  2.3
Armour         | 2 |  2.7
Hexes          | 2 |  2.0
Earth Magic    | 1 2 |  2.7
Stealth        | |  2.1
Conjurations   | |  0.7

Action                   |  1- 3 |  4- 6 |  7- 9 || total
-------------------------+-------+-------+-------++-------
Melee: Short sword       |    97 |    32 |       ||   129
       Unarmed           |    10 |       |       ||    10
       Club              |     3 |       |       ||     3
       Battleaxe         |       |    41 |   107 ||   148
 Cast: Summon Small Mamm |    10 |       |       ||    10
       Call Imp          |     6 |    10 |    16 ||    32
       Call Canine Famil |       |     3 |    12 ||    15
       Stone Arrow       |       |       |     1 ||     1
Evoke: Wand              |       |       |     2 ||     2
  Use: Scroll            |       |       |     4 ||     4
       Potion            |       |       |     2 ||     2
 Stab: Sleeping          |     5 |     1 |     1 ||     7
       Distracted        |       |     1 |     1 ||     2
       Invisible         |       |       |     1 ||     1
Armor: Robe              |    17 |     8 |     8 ||    33
       Leather armour    |       |       |     2 ||     2
Dodge: Dodged            |    90 |    37 |    60 ||   187
